AoeStats
← Assadar

Lombardia

509979265Analyzed
2v2 RM · 4d ago on Sep 28, 2026· 56m 28s· 4 players
Game mode
Random Map
Map size
Medium (4 player)
Population
200
Speed
Normal
Resources
Standard
Victory
Conquest
Starting age
Dark Age
Ending age
Imperial Age
RankedLock teamsTeams togetherTeam positionsShared explorationLock speedFull tech treeHidden civsTurbo modeCheats
Victory
Defeat
🇫🇷 Wei · France
763
+13
🇫🇷 Teutons · France
721
+15
🇺🇸 Armenians · United States
693
-14
🇺🇸 Cumans · United States
693
-14
Crawp
2:02 Loom
14:32 Feudal Age
14:38 Pikeman
15:05 Arson
14:42 Man-at-Arms
16:21 Long Swordsman
17:07 Scale Mail Armor
17:19 Forging
21:08 Horse Collar
22:06 Double-Bit Axe
37:01 Town Watch
41:13 Castle Age
41:15 Elite Skirmisher
41:20 Two-Handed Swordsman
41:46 Gambesons
42:16 Squires
46:18 Chain Mail Armor
46:39 Iron Casting
45:28 Champion
47:52 Bow Saw
47:33 Gold Mining
47:34 Stone Mining
47:59 Heavy Plow
50:01 Gold Shaft Mining
50:05 Wheelbarrow
49:42 Fletching
58:38 Imperial Age
Assadar
0:58 Loom
13:57 Feudal Age
14:24 Horse Collar
16:21 Double-Bit Axe
27:44 Wheelbarrow
31:47 Castle Age
33:00 Bloodlines
32:47 Capped Ram
33:01 Elite Skirmisher
33:46 Thumb Ring
34:21 Heavy Plow
34:35 Bow Saw
35:43 Fletching
35:54 Padded Archer Armor
37:56 Hand Cart
40:31 Murder Holes
40:57 Ballistics
46:53 Imperial Age
48:36 Chemistry
47:39 Cuman Mercenaries
48:05 Conscription
48:30 Hoardings
47:56 Steppe Husbandry
49:18 Two-Man Saw
49:10 Crop Rotation
49:03 Gold Mining
49:03 Stone Mining
49:30 Town Watch
50:27 Parthian Tactics
50:03 Bodkin Arrow
50:24 Leather Archer Armor
51:34 Gold Shaft Mining
51:43 Guilds
52:03 Coinage
52:05 Siege Ram
53:48 Forging
53:44 Scale Barding Armor
54:09 Ring Archer Armor
tonin83w
9:47 Feudal Age
15:07 Castle Age
13:57 Double-Bit Axe
16:26 Bow Saw
23:09 Bloodlines
22:58 Gold Mining
24:33 Gold Shaft Mining
31:57 Ballistics
33:22 Scale Barding Armor
33:28 Forging
33:19 Padded Archer Armor
33:09 Fletching
37:24 Iron Casting
36:45 Bodkin Arrow
37:06 Leather Archer Armor
37:11 Chain Barding Armor
39:00 Husbandry
39:07 Stone Mining
39:56 Thumb Ring
43:56 Imperial Age
46:53 Chemistry
46:57 Blast Furnace
46:06 Heavy Hei Guang Cavalry
48:49 Conscription
50:09 Town Watch
51:00 Wheelbarrow
50:12 Loom
50:54 Bracer
51:31 Ring Archer Armor
53:19 Town Patrol
53:34 Elite Tiger Cavalry
antoine2acorse
10:18 Feudal Age
11:13 Double-Bit Axe
15:22 Horse Collar
20:46 Castle Age
19:46 Stone Mining
23:17 Scale Mail Armor
23:29 Forging
23:24 Squires
26:19 Man-at-Arms
29:17 Long Swordsman
29:43 Gambesons
36:41 Forging
36:47 Chain Mail Armor
41:37 Gold Mining
41:49 Heavy Plow
43:16 Bow Saw
45:55 Iron Casting
47:24 Stone Shaft Mining
49:47 Imperial Age
49:04 Town Watch
51:40 Blast Furnace
51:10 Plate Mail Armor
51:08 Town Patrol
50:58 Elite Teutonic Knight
53:43 Crenellations
54:46 Cavalier
55:37 Bloodlines
57:19 Chemistry
Connection lost

Rejoining the realm…

Still unreachable

The connection could not be restored.

Session expired

The server has moved on; the page needs a fresh start.